[Event "ICC tourney 2435 (75 10)"]
[Site "Internet Chess Club"]
[Date "2021.03.07"]
[Round "6"]
[White "Kashyap, Mahati B:mnm1"]
[Black "RAJANISH, ABHINAV:Knightboy123"]
[Result "1/2-1/2"]
[ICCResult "Game drawn because neither player has mating material"]
[WhiteElo "1515"]
[BlackElo "1603"]
[Opening "Sicilian: Prins (Moscow) variation"]
[ECO "B55"]
[NIC "SI.01"]
[Time "20:01:39"]
[PlyCount "126"]
[TimeControl "4500+10"]

1. e4 c5 2. Nf3 d6 3. d4 cxd4 4. Nxd4 Nf6 5. f3 a6 6. c4 e5 7. Nb3 Be6 8.
Nc3 Nbd7 9. Be3 Rc8 10. Nd5 Bxd5 11. cxd5 Nxe4 12. fxe4 Qh4+ 13. Bf2 Qxe4+
14. Qe2 Qxd5 15. Rd1 Qe6 16. Qd2 Nf6 17. Bd3 e4 18. Bb1 Be7 19. O-O O-O 20.
Rfe1 d5 21. Nd4 Qd7 22. Rc1 Ng4 23. Bg3 Bf6 24. Kh1 Rxc1 25. Rxc1 Rc8 26.
Nb3 Rxc1+ 27. Qxc1 e3 28. Qf1 Qe6 29. Qf4 Be5 30. Bf5 Bxf4 31. Bxe6 Bxg3
32. Bxg4 Bf2 33. g3 f5 34. Be2 Kf7 35. Kg2 Kf6 36. Nc5 g5 37. Nd3 d4 38.
Nxf2 exf2 39. Kxf2 Ke5 40. Bd3 h5 41. Kf3 g4+ 42. Ke2 f4 43. gxf4+ Kxf4 44.
Bg6 h4 45. Bf7 Ke5 46. Bh5 g3 47. hxg3 hxg3 48. Kf1 Kf4 49. Kg2 Ke3 50.
Kxg3 Kd2 51. Kf4 Kc2 52. b4 Kc3 53. Ke4 d3 54. Bg4 d2 55. Ke3 Kxb4 56. Kxd2
Ka3 57. Be6 b5 58. Kc3 a5 59. Kd4 b4 60. Kc5 a4 61. Kb5 b3 62. Bxb3 axb3
63. axb3 Kxb3 { Game drawn because neither player has mating material }
1/2-1/2

[Event "ICC tourney 2435 (75 10)"]
[Site "Internet Chess Club"]
[Date "2021.03.07"]
[Round "6"]
[White "MARTINEZ, ABRAHAM:Pugnacious"]
[Black "GOPALAKRISHNAN, KRITIN ROHAN:rokrchess"]
[Result "1/2-1/2"]
[ICCResult "Game drawn by mutual agreement"]
[WhiteElo "1661"]
[BlackElo "1578"]
[Opening "Queen's pawn: stonewall attack"]
[ECO "D00"]
[NIC "QP.08"]
[Time "20:01:44"]
[PlyCount "75"]
[TimeControl "4500+10"]

1. d4 d5 2. e3 Nf6 3. Bd3 c5 4. c3 Nc6 5. dxc5 e5 6. b4 e4 7. Bb5 a5 8. a4
Bd7 9. Qb3 Be7 10. Ne2 O-O 11. O-O Be6 12. Nd4 Rc8 13. Ba3 Qc7 14. Nd2 Ng4
15. g3 Qe5 16. h3 Nxe3 17. Rfe1 Nf5 18. Bxc6 bxc6 19. Nxf5 Qxf5 20. h4 Qh3
21. c4 dxc4 22. Nxc4 axb4 23. Bxb4 e3 24. Rxe3 Bd5 25. Rf3 Bxf3 26. Qxf3
Qe6 27. Nb6 Rcd8 28. Re1 Qf6 29. Qxf6 Bxf6 30. a5 h5 31. a6 Ra8 32. Nxa8
Rxa8 33. Rd1 Rxa6 34. Rd6 Be7 35. Rd7 Bf6 36. Bd2 Ra1+ 37. Kg2 Rd1 38. Rd3
{ Game drawn by mutual agreement } 1/2-1/2

[Event "ICC tourney 2435 (75 10)"]
[Site "Internet Chess Club"]
[Date "2021.03.07"]
[Round "6"]
[White "ANANTH, ANANYA:Ananya22609"]
[Black "TREUSDELL , ROSS:IveDoneEnough"]
[Result "0-1"]
[ICCResult "White checkmated"]
[WhiteElo "1625"]
[BlackElo "1564"]
[Opening "Sicilian: Alapin's variation (2.c3)"]
[ECO "B22"]
[NIC "SI.46"]
[Time "20:01:37"]
[PlyCount "130"]
[TimeControl "4500+10"]

1. e4 c5 2. c3 Nf6 3. e5 Nd5 4. Nf3 Nc6 5. Bc4 e6 6. O-O d6 7. exd6 Qxd6 8.
d4 cxd4 9. cxd4 Be7 10. Nc3 Nb6 11. Bb3 O-O 12. Be3 Rd8 13. Qe2 a6 14. Rfd1
Nd5 15. Ne4 Qb4 16. Rac1 Bd7 17. Nc3 Nf6 18. d5 exd5 19. Bxd5 Bg4 20. a3
Qa5 21. b4 Qxa3 22. Bb6 Re8 23. Qc4 Bh5 24. Re1 Qxb4 25. Qxb4 Bxb4 26. Bxc6
bxc6 27. Rxe8+ Rxe8 28. Na2 Ba3 29. Rxc6 Bxf3 30. gxf3 Nd5 31. Ba5 Ra8 32.
Nc3 Nxc3 33. Rxc3 Bd6 34. Rc6 Be5 35. h3 Kf8 36. Kf1 Ke7 37. Ke2 Kd7 38.
Rb6 Ra7 39. Rb1 Kc6 40. Kd3 Rb7 41. Rc1+ Kd5 42. Bc3 Rb3 43. Kd2 Rxc3 44.
Rxc3 Bxc3+ 45. Kxc3 Ke5 46. Kb4 Kf4 47. Ka5 Kxf3 48. Kxa6 Kxf2 49. Kb6 Kg3
50. Kc7 f5 51. Kd6 f4 52. Ke5 f3 53. Ke6 f2 54. Kf7 g5 55. Kg7 h5 56. Kh6
h4 57. Kxg5 f1=Q 58. Kh5 Kxh3 59. Kh6 Qf5 60. Kg7 Kg2 61. Kg8 Qf6 62. Kh7
Qg5 63. Kh8 h3 64. Kh7 h2 65. Kh8 h1=Q# { White checkmated } 0-1

[Event "ICC tourney 2435 (75 10)"]
[Site "Internet Chess Club"]
[Date "2021.03.07"]
[Round "6"]
[White "QIAO, ETHAN:CougarForest"]
[Black "Kashyap, Manish B:mnm2"]
[Result "1-0"]
[ICCResult "Black resigns"]
[WhiteElo "1547"]
[BlackElo "1547"]
[Opening "Sicilian"]
[ECO "B56"]
[NIC "SI.25"]
[Time "20:02:00"]
[PlyCount "69"]
[TimeControl "4500+10"]

1. e4 c5 2. Nf3 d6 3. d4 cxd4 4. Nxd4 Nf6 5. Nc3 Nc6 6. f3 e5 7. Nb3 Be7 8.
Be3 Be6 9. Qd2 d5 10. exd5 Nxd5 11. Nxd5 Qxd5 12. Qf2 Rd8 13. Bd3 Qd7 14.
O-O-O Qc7 15. h4 O-O 16. g4 Nb4 17. Bf5 Rc8 18. Kb1 Bxf5 19. gxf5 Qxc2+ 20.
Qxc2 Nxc2 21. Bxa7 Nb4 22. Rd7 Bf6 23. Bc5 Rxc5 24. Nxc5 h6 25. Ne4 Nc6 26.
Nxf6+ gxf6 27. Rd6 Nd4 28. f4 Nxf5 29. Rxf6 Ng7 30. fxe5 Kh7 31. Rhf1 Re8
32. Rxf7 Kg8 33. Rxb7 Kh8 34. Rff7 Ne6 35. Rfe7 { Black resigns } 1-0

[Event "ICC tourney 2435 (75 10)"]
[Site "Internet Chess Club"]
[Date "2021.03.07"]
[Round "6"]
[White "KURBANOV, ABROR:Abror"]
[Black "PATEL, ARAV:APBrain"]
[Result "0-1"]
[ICCResult "White checkmated"]
[WhiteElo "1635"]
[BlackElo "1669"]
[Opening "Scotch gambit: Benima defense"]
[ECO "C44"]
[NIC "SO.06"]
[Time "20:01:36"]
[PlyCount "84"]
[TimeControl "4500+10"]

1. e4 e5 2. d4 exd4 3. Nf3 Nc6 4. Bc4 Be7 5. c3 d6 6. cxd4 Nf6 7. Nc3 O-O
8. O-O Bg4 9. Be3 Nxe4 10. Nxe4 d5 11. Bd3 dxe4 12. Bxe4 Qd6 13. h3 Bh5 14.
Qc2 Bxf3 15. Bxf3 Nxd4 16. Bxd4 Qxd4 17. Qxc7 Bd6 18. Qxb7 Rab8 19. Qc6
Rfc8 20. Rad1 Rxc6 21. Rxd4 Rcb6 22. Rfd1 Bf8 23. b3 Ra6 24. Rd7 Rbb6 25.
Bd5 Rf6 26. Rc1 Rad6 27. Rxa7 Rxd5 28. Ra8 g6 29. Rcc8 Rd1+ 30. Kh2 Rxf2
31. Rxf8+ Kg7 32. Rg8+ Kf6 33. Ra6+ Kg5 34. Ra5+ f5 35. Ra7 Rdd2 36. Rxh7
Rxg2+ 37. Kh1 Rh2+ 38. Kg1 Rdg2+ 39. Kf1 Rxa2 40. h4+ Kf4 41. Kg1 Rhb2 42.
Rxg6 Ra1# { White checkmated } 0-1

[Event "ICC tourney 2435 (75 10)"]
[Site "Internet Chess Club"]
[Date "2021.03.07"]
[Round "6"]
[White "BRUDNO, STEPHEN:StevChess01"]
[Black "VALE CRUZ, ARMIN:trucker"]
[Result "1-0"]
[ICCResult "Black resigns"]
[WhiteElo "1652"]
[BlackElo "1643"]
[Opening "King's Indian defense"]
[ECO "E60"]
[NIC "KI.80"]
[Time "20:01:46"]
[PlyCount "65"]
[TimeControl "4500+10"]

1. d4 Nf6 2. c4 g6 3. f3 c5 4. d5 b5 5. cxb5 a6 6. e4 d6 7. a4 Bg7 8. Na3
O-O 9. Ne2 Nbd7 10. Nc3 Ne5 11. Be2 axb5 12. axb5 h5 13. O-O Nh7 14. Bd2 f5
15. h3 e6 16. Qc2 f4 17. Nc4 Rb8 18. Nxe5 Bxe5 19. Bc4 exd5 20. Nxd5 Kh8
21. Bc3 Qg5 22. Kh1 Bd7 23. Qe2 Be6 24. Ra7 Rfe8 25. Rfa1 Bxd5 26. Bxd5
Bxc3 27. Bc6 Bd4 28. Bxe8 Rxe8 29. b6 Rb8 30. Ra8 Qd8 31. Rxb8 Qxb8 32. Qa6
c4 33. Qa8 { Black resigns } 1-0

[Event "ICC tourney 2435 (75 10)"]
[Site "Internet Chess Club"]
[Date "2021.03.07"]
[Round "6"]
[White "JIANG, LEO:hi987"]
[Black "MOERLIEN, PUWIT SKY:SuperBlueSky"]
[Result "1-0"]
[ICCResult "Black checkmated"]
[WhiteElo "1642"]
[BlackElo "1633"]
[Opening "Ruy Lopez: closed, Pilnik variation"]
[ECO "C88"]
[NIC "RL.17"]
[Time "20:01:42"]
[PlyCount "151"]
[TimeControl "4500+10"]

1. e4 e5 2. Nf3 Nc6 3. Bb5 a6 4. Ba4 Nf6 5. O-O Be7 6. Re1 b5 7. Bb3 O-O 8.
d3 d6 9. c3 Na5 10. Bc2 c5 11. Nbd2 Re8 12. Nf1 g6 13. Ng3 Nc6 14. a4 Bb7
15. h3 b4 16. Bb3 Rc8 17. Bg5 Bf8 18. Nf1 bxc3 19. bxc3 Na5 20. Ba2 Bg7 21.
Ne3 Qd7 22. Bxf6 Bxf6 23. Nd5 Bxd5 24. Bxd5 Rb8 25. Qc2 Rec8 26. Reb1 h6
27. Rb2 Qc7 28. Rab1 Kg7 29. Nd2 Bd8 30. Nc4 Nxc4 31. Bxc4 a5 32. Bd5 Qa7
33. Rb7 Rxb7 34. Rxb7 Qa6 35. Rxf7+ Kh8 36. Bb7 Qa7 37. Qb3 c4 38. dxc4 Rb8
39. c5 Bh4 40. g3 Bxg3 41. fxg3 Qxc5+ 42. Kg2 Qe3 43. Qe6 Qd2+ 44. Rf2 Qg5
45. Bd5 Rd8 46. Qf6+ Qxf6 47. Rxf6 Kg7 48. Rf7+ Kh8 49. Ra7 Rc8 50. c4 Rc5
51. Rd7 h5 52. Rxd6 Kg7 53. h4 Kh7 54. Rc6 Rxc6 55. Bxc6 Kg7 56. Bd5 Kf6
57. c5 Ke7 58. c6 Kd6 59. Kf3 g5 60. hxg5 h4 61. gxh4 Kc7 62. h5 Kc8 63. h6
Kd8 64. h7 Kc7 65. h8=Q Kb6 66. Qb8+ Kc5 67. g6 Kd4 68. Qb6+ Kd3 69. Qb3+
Kd2 70. Qe3+ Kc2 71. Bb3+ Kb2 72. Bc4 Kc2 73. Qd3+ Kb2 74. Ke2 Ka1 75. Qa3+
Kb1 76. Bd3# { Black checkmated } 1-0

[Event "ICC tourney 2435 (75 10)"]
[Site "Internet Chess Club"]
[Date "2021.03.07"]
[Round "6"]
[White "MARTINEZ, ABEL:abelMZ084"]
[Black "ZHANG, SUNNY:AboardBuffalo"]
[Result "0-1"]
[ICCResult "White resigns"]
[WhiteElo "1636"]
[BlackElo "1650"]
[Opening "Richter-Veresov attack"]
[ECO "D01"]
[NIC "QP.07"]
[Time "20:01:44"]
[PlyCount "64"]
[TimeControl "4500+10"]

1. d4 Nf6 2. Nc3 d5 3. Bg5 Bf5 4. Qd2 e6 5. f3 Be7 6. O-O-O Nc6 7. h4 h6 8.
Bxf6 Bxf6 9. e4 Bh7 10. exd5 Nxd4 11. Ne4 e5 12. c3 Nf5 13. Bb5+ Kf8 14. g3
a6 15. Ba4 Nxg3 16. Nxg3 Bxh4 17. Rxh4 Qxh4 18. d6 Qxa4 19. dxc7 Qc2+ 20.
Qxc2 Bxc2 21. Kxc2 g6 22. Ne4 Rc8 23. Rd8+ Kg7 24. Rd7 b5 25. Nd6 Rcf8 26.
Ne2 h5 27. Nb7 Rc8 28. Nd6 Rhf8 29. Nxc8 Rxc8 30. Kd3 Kf6 31. Ke4 Ke6 32.
Rd5 f5+ { White resigns } 0-1

[Event "ICC tourney 2435 (75 10)"]
[Site "Internet Chess Club"]
[Date "2021.03.07"]
[Round "6"]
[White "TREY, JUSTIN:Torsten936"]
[Black "KUMAR, AGRIM:agrimjax1"]
[Result "1/2-1/2"]
[ICCResult "Game drawn by mutual agreement"]
[WhiteElo "1652"]
[BlackElo "1509"]
[Opening "Queen's pawn game"]
[ECO "E10"]
[NIC "QI.01"]
[Time "20:01:38"]
[PlyCount "64"]
[TimeControl "4500+10"]

1. d4 Nf6 2. c4 e6 3. Nf3 c5 4. d5 d6 5. Nc3 Be7 6. e4 e5 7. h3 a6 8. Be3
Nbd7 9. a4 Nf8 10. Be2 Ng6 11. Ng1 Bd7 12. Bf3 h5 13. Be2 Qb6 14. Qc2 h4
15. Nf3 Nh5 16. Qd2 Nhf4 17. Bf1 Qb4 18. Ng1 Bd8 19. Nge2 Qxb2 20. Qxb2
Nd3+ 21. Kd2 Nxb2 22. Nc1 Ba5 23. Kc2 Bxc3 24. Na2 Nxa4 25. Nxc3 Nxc3 26.
Kxc3 Nf4 27. Rb1 Rb8 28. Rb6 Ke7 29. Bxf4 exf4 30. Be2 f6 31. Rhb1 Bc8 32.
Rxa6 b5 { Game drawn by mutual agreement } 1/2-1/2

[Event "ICC tourney 2435 (75 10)"]
[Site "Internet Chess Club"]
[Date "2021.03.07"]
[Round "6"]
[White "HEBBAR, ESHAAN:solveur"]
[Black "GUNN, HAN:Han366"]
[Result "1-0"]
[ICCResult "Black forfeits on time"]
[WhiteElo "1611"]
[BlackElo "1700"]
[Opening "King's Indian: orthodox, 7...Nbd7"]
[ECO "E94"]
[NIC "KI.12"]
[Time "20:01:44"]
[PlyCount "109"]
[TimeControl "4500+10"]

1. d4 Nf6 2. c4 g6 3. Nc3 Bg7 4. e4 d6 5. Nf3 O-O 6. Be2 Nbd7 7. O-O e5 8.
d5 a5 9. h3 Nc5 10. Nd2 Ne8 11. Nb3 b6 12. Nxc5 bxc5 13. Be3 f5 14. f3 f4
15. Bf2 Qg5 16. Kh2 h5 17. a3 Bd7 18. Bd3 Qh6 19. Ne2 g5 20. Be1 g4 21. b4
axb4 22. axb4 Rxa1 23. Qxa1 cxb4 24. Bxb4 Qg5 25. Be1 g3+ 26. Kh1 Bxh3 27.
Kg1 Bd7 28. Bb4 h4 29. Qa7 h3 30. Rc1 hxg2 31. Kxg2 Bh3+ 32. Kxh3 Qh5+ 33.
Kg2 Qh2+ 34. Kf1 g2+ 35. Ke1 Bf6 36. Qg1 Qh3 37. Kd2 Qxf3 38. Nc3 Qh3 39.
Nd1 f3 40. Kc2 Bh4 41. Nf2 Qg3 42. Be1 Qg7 43. Ra1 Rf6 44. Ra8 Kf7 45. Kb2
Rh6 46. c5 Ke7 47. cxd6+ Nxd6 48. Ra7 Kd8 49. Ra8+ Kd7 50. Ra7 Bd8 51. Bd2
Rh7 52. Bc2 Bh4 53. Ba5 Ne8 54. Ba4+ Kd6 55. Bb4+ { Black forfeits on time
} 1-0

[Event "ICC tourney 2435 (75 10)"]
[Site "Internet Chess Club"]
[Date "2021.03.07"]
[Round "6"]
[White "WANG, LEO Q:wahoo"]
[Black "THOMAS, MICHAEL G:chesslin"]
[Result "1/2-1/2"]
[ICCResult "Game drawn by mutual agreement"]
[WhiteElo "1646"]
[BlackElo "1790"]
[Opening "Robatsch (modern) defense"]
[ECO "B06"]
[NIC "KF.06"]
[Time "20:01:44"]
[PlyCount "173"]
[TimeControl "4500+10"]

1. e4 g6 2. Nc3 Bg7 3. d4 d6 4. Be3 a6 5. Bc4 Nf6 6. Nf3 O-O 7. O-O Bg4 8.
h3 Bxf3 9. Qxf3 Nc6 10. a3 Nd7 11. Rad1 e5 12. d5 Nd4 13. Bxd4 exd4 14. Ne2
Ne5 15. Qb3 c5 16. dxc6 bxc6 17. Nxd4 Rb8 18. Qc3 c5 19. Nb3 a5 20. Bd5 a4
21. Nd2 Nd7 22. Qd3 Rxb2 23. Nc4 Ne5 24. Nxe5 Bxe5 25. Qc4 Qa5 26. Rb1 Kg7
27. Rxb2 Bxb2 28. Bc6 Bxa3 29. Qxa4 Qxa4 30. Bxa4 Bb2 31. Rd1 Bd4 32. Kf1
f5 33. exf5 Rxf5 34. f3 h5 35. Re1 h4 36. Re4 g5 37. Re7+ Kf6 38. Re8 Kf7
39. Re4 Be5 40. Bb3+ Ke7 41. Ke2 Rf8 42. Ra4 Kf6 43. Re4 Ra8 44. Ra4 Re8
45. Re4 Re7 46. Kf1 Rd7 47. Bd5 Ra7 48. Re1 Ra4 49. Rd1 Bg3 50. Ke2 Ke5 51.
Be4 Rd4 52. Rxd4 Kxd4 53. Bd3 d5 54. Bf5 Kc3 55. Bg6 Kd4 56. Bd3 Ke5 57.
Bg6 Kf6 58. Bd3 Be5 59. Bh7 Kf7 60. Bf5 Bh2 61. Bd3 Kf6 62. Bh7 Ke5 63. Kf2
Kd4 64. Ke2 Kc3 65. Bd3 Bf4 66. Bf5 c4 67. Bg6 d4 68. Bf5 Kb2 69. Kd1 Be3
70. Be4 d3 71. cxd3 c3 72. d4 Bxd4 73. Bd3 Kb3 74. Bc2+ Kc4 75. Be4 Be5 76.
Kc2 Kd4 77. Ba8 Ke3 78. f4 Kxf4 79. Bf3 Bg7 80. Kd3 Kg3 81. Kc2 Be5 82. Kd3
Bf6 83. Kc2 Kf2 84. Be4 Kg3 85. Bf3 g4 86. Bxg4 Kxg2 87. Bc8 { Game drawn
by mutual agreement } 1/2-1/2

[Event "ICC tourney 2435 (75 10)"]
[Site "Internet Chess Club"]
[Date "2021.03.07"]
[Round "6"]
[White "CHANDI, ISHNOOR SINGH:Ishnoor"]
[Black "LI, EDWARD:ScoutViolet"]
[Result "0-1"]
[ICCResult "White checkmated"]
[WhiteElo "1577"]
[BlackElo "1647"]
[Opening "Giuoco Piano: Anderssen variation"]
[ECO "C44"]
[NIC "SO.06"]
[Time "20:01:41"]
[PlyCount "76"]
[TimeControl "4500+10"]

1. e4 e5 2. Nf3 Nc6 3. d4 exd4 4. Bc4 Bc5 5. c3 Nf6 6. e5 d5 7. Bb5 Ne4 8.
cxd4 Bb4+ 9. Nbd2 Bg4 10. Be2 O-O 11. O-O Nxd2 12. Bxd2 Bxd2 13. Qxd2 f6
14. Rad1 Qe7 15. Rfe1 Rae8 16. h3 Bh5 17. Nh2 Bxe2 18. Rxe2 Qf7 19. f4 Qh5
20. Rde1 f5 21. Re3 Qh4 22. Rf1 Qe7 23. Rb3 Rb8 24. Rff3 b6 25. Rbc3 Nd8
26. Nf1 Ne6 27. Ng3 c5 28. Ne2 c4 29. b3 b5 30. bxc4 bxc4 31. g4 fxg4 32.
hxg4 Qh4 33. Rg3 Rb1+ 34. Kf2 Nxf4 35. Nxf4 Rxf4+ 36. Ke2 Qh2+ 37. Rg2
Qxg2+ 38. Ke3 Rf3# { White checkmated } 0-1